AA
OKLAHOMA CITY 89ERS @ IOWA OAKS
07/19/1982
 
TOP OF THE 1ST
Oklahoma City 89ers batting - Pitching for Iowa Oaks : LHP Matthew Sutherland
Pitching: LHP Matthew Sutherland
Batting: RHB John Christensen 0-0: Ball
1-0: Ball
2-0: Ball
3-0: Base on Balls
Batting: RHB Tim Tolman 0-0: Ball
1-0: Swinging Strike
1-1: Ball
2-1: Fly out, F9 (Flyball, 9D, EV 93.8 MPH)
Runner from 1st tags up, OUT at 2nd! 9-6
Batting: RHB Cecil Fielder 0-0: Called Strike
0-1: Foul Ball, location: 2F
0-2: Strikes out swinging
Top of the 1st over - 0 runs, 0 hits, 0 errors, 0 left on base; Oklahoma City 0 - Iowa 0
BOTTOM OF THE 1ST
Iowa Oaks batting - Pitching for Oklahoma City 89ers : LHP Mark Langston
Pitching: LHP Mark Langston
Batting: RHB Edgar Flores 0-0: Ball
1-0: Called Strike
1-1: Called Strike
1-2: Foul Ball, location: 2F
1-2: Ball
2-2: Ground out U3 (Groundball, 3, EV 79.4 MPH)
Batting: RHB Mike Richardt 0-0: DOUBLE (Line Drive, 89D, EV 108.8 MPH)
Batting: LHB Ronald Little 0-0: Called Strike
Mike Richardt is caught stealing 3rd base 2-5
0-1: Ball
1-1: Fly out, F9 (Flyball, 9, EV 86.3 MPH)
Bottom of the 1st over - 0 runs, 1 hit, 0 errors, 0 left on base; Oklahoma City 0 - Iowa 0
TOP OF THE 2ND
Oklahoma City 89ers batting - Pitching for Iowa Oaks : LHP Matthew Sutherland
Batting: RHB Glenn Braggs 0-0: Ball
1-0: Foul Ball, location: 2F
1-1: Foul Ball, location: 2F
1-2: Strikes out swinging
Batting: LHB Tom O'Malley 0-0: Ball
1-0: Called Strike
1-1: Called Strike
1-2: Ball
2-2: Strikes out swinging, 2-3 out at first.
Batting: RHB Nick Esasky 0-0: Ball
1-0: Fly out, F8 (Flyball, 8LD, EV 100.0 MPH)
Top of the 2nd over - 0 runs, 0 hits, 0 errors, 0 left on base; Oklahoma City 0 - Iowa 0
BOTTOM OF THE 2ND
Iowa Oaks batting - Pitching for Oklahoma City 89ers : LHP Mark Langston
Batting: SHB Mike Turgeon 0-0: Ball
1-0: Ball
2-0: Swinging Strike
2-1: Fly out, F6 (Popup, 6S, EV 58.8 MPH)
Batting: RHB Mark Benson 0-0: SINGLE (Groundball, 4M, EV 88.1 MPH) (infield hit)
Batting: RHB Jordan Arredondo 0-0: Ball
1-0: Called Strike
1-1: SINGLE (Flyball, 6D, EV 91.9 MPH)
Mark Benson to second
Batting: RHB Thomas Vessey 0-0: SINGLE (Groundball, 34D, EV 108.1 MPH)
Mark Benson to third
Jordan Arredondo to second
Batting: LHB Donald Johnson 0-0: Fly out, F7 (Flyball, 7D, EV 87.5 MPH)
Runner from 3rd tags up, SCORES, no throw by LF
Batting: LHB Wayne Krenchicki 0-0: Foul Ball, location: 2F
0-1: Ground out 4-3 (Groundball, 34, EV 108.8 MPH)
Bottom of the 2nd over - 1 run, 3 hits, 0 errors, 2 left on base; Oklahoma City 0 - Iowa 1
TOP OF THE 3RD
Oklahoma City 89ers batting - Pitching for Iowa Oaks : LHP Matthew Sutherland
Batting: RHB Joe Redfield 0-0: Called Strike
0-1: Foul Ball, location: 2F
0-2: Ball
1-2: Fly out, F9 (Flyball, 9S, EV 95.6 MPH)
Batting: RHB Danny Jasso 0-0: Fly out, F9 (Line Drive, 9D, EV 97.5 MPH)
Batting: RHB Ron Tingley 0-0: Swinging Strike
0-1: Foul Ball, location: 2F
0-2: Ball
1-2: Strikes out looking
Top of the 3rd over - 0 runs, 0 hits, 0 errors, 0 left on base; Oklahoma City 0 - Iowa 1
BOTTOM OF THE 3RD
Iowa Oaks batting - Pitching for Oklahoma City 89ers : LHP Mark Langston
Batting: RHB Edgar Flores 0-0: Ball
1-0: Ball
2-0: Called Strike
2-1: Ball
3-1: Base on Balls
Batting: RHB Mike Richardt 0-0: Ball
1-0: Ball
2-0: Ball
3-0: Called Strike
3-1: DOUBLE (Line Drive, 78D, EV 111.3 MPH)
Edgar Flores to third
Batting: LHB Ronald Little 0-0: Foul Ball, location: 2F
0-1: Called Strike
0-2: Foul Ball, location: 2F
0-2: Strikes out swinging
Batting: SHB Mike Turgeon 0-0: Swinging Strike
0-1: Foul Ball, location: 2F
0-2: Fly out, F8 (Flyball, 89XD, EV 110.0 MPH)
Runner from 3rd tags up, SCORES, no throw by CF
Mike Richardt to third
Batting: RHB Mark Benson 0-0: Ball
1-0: Called Strike
1-1: Ground out 5-3 (Groundball, 56, EV 90.6 MPH)
Bottom of the 3rd over - 1 run, 1 hit, 0 errors, 1 left on base; Oklahoma City 0 - Iowa 2
TOP OF THE 4TH
Oklahoma City 89ers batting - Pitching for Iowa Oaks : LHP Matthew Sutherland
Batting: RHB John Christensen 0-0: Ball
1-0: Foul Ball, location: 2F
1-1: Ball
2-1: Ball
3-1: Base on Balls
Batting: RHB Tim Tolman 0-0: Called Strike
John Christensen steals 2nd base
0-1: Foul Ball, location: 2F
0-2: Ball
1-2: Strikes out swinging
Batting: RHB Cecil Fielder 0-0: Ball
1-0: Foul Ball, location: 2F
1-1: Ball
2-1: Ball
3-1: Ground out U3 (Groundball, 34S, EV 88.1 MPH)
John Christensen to third
Batting: RHB Glenn Braggs 0-0: Called Strike
0-1: Fly out, F9 (Flyball, 89S, EV 88.1 MPH)
Top of the 4th over - 0 runs, 0 hits, 0 errors, 1 left on base; Oklahoma City 0 - Iowa 2
BOTTOM OF THE 4TH
Iowa Oaks batting - Pitching for Oklahoma City 89ers : LHP Mark Langston
Batting: RHB Jordan Arredondo 0-0: Ball
1-0: Ball
2-0: Ball
3-0: Base on Balls
Batting: RHB Thomas Vessey 0-0: Ball
1-0: Ball
2-0: Ball
3-0: Called Strike
3-1: Foul Ball, location: 2F
3-2: Foul Ball, location: 2F
3-2: Grounds into double play, 3-6-3 (Groundball, 34, EV 87.5 MPH)
Batting: LHB Donald Johnson 0-0: Ball
1-0: Ball
2-0: Ball
3-0: Called Strike
3-1: Base on Balls
Batting: LHB Wayne Krenchicki 0-0: Swinging Strike
0-1: Called Strike
0-2: Fly out, F9 (Flyball, 9LM, EV 82.5 MPH)
Bottom of the 4th over - 0 runs, 0 hits, 0 errors, 1 left on base; Oklahoma City 0 - Iowa 2
TOP OF THE 5TH
Oklahoma City 89ers batting - Pitching for Iowa Oaks : LHP Matthew Sutherland
Batting: LHB Tom O'Malley 0-0: Called Strike
0-1: Foul Ball, location: 2F
0-2: Ball
1-2: Ball
2-2: Foul Ball, location: 2F
2-2: SINGLE (Groundball, 4D, EV 101.9 MPH)
Batting: RHB Nick Esasky 0-0: Grounds into double play, 5-4-3 (Groundball, 56, EV 86.9 MPH)
Batting: RHB Joe Redfield 0-0: Ball
1-0: Foul Ball, location: 2F
1-1: Hit by Pitch
Batting: RHB Danny Jasso 0-0: Called Strike
0-1: Called Strike
Joe Redfield steals 2nd base
0-2: Ball
1-2: Ball
2-2: Foul Ball, location: 2F
2-2: Fly out, F8 (Line Drive, 8LD, EV 91.9 MPH)
Top of the 5th over - 0 runs, 1 hit, 0 errors, 1 left on base; Oklahoma City 0 - Iowa 2
BOTTOM OF THE 5TH
Iowa Oaks batting - Pitching for Oklahoma City 89ers : LHP Mark Langston
Batting: RHB Edgar Flores 0-0: Foul Ball, location: 2F
0-1: Ball
1-1: Swinging Strike
1-2: Ball
2-2: Strikes out swinging, 2-3 out at first.
Batting: RHB Mike Richardt 0-0: Ball
1-0: Ball
2-0: Ground out 6-3 (Groundball, 6, EV 101.3 MPH)
Batting: LHB Ronald Little 0-0: Ground out 1-3 (Groundball, 13S, EV 65.0 MPH)
Bottom of the 5th over - 0 runs, 0 hits, 0 errors, 0 left on base; Oklahoma City 0 - Iowa 2
TOP OF THE 6TH
Oklahoma City 89ers batting - Pitching for Iowa Oaks : LHP Matthew Sutherland
Batting: RHB Ron Tingley 0-0: Ball
1-0: Ball
2-0: Foul Ball, location: 2F
2-1: Foul Ball, location: 2F
2-2: Foul Ball, location: 2F
2-2: Ball
3-2: SINGLE (Groundball, 6S, EV 70.0 MPH) (infield hit)
Batting: RHB John Christensen 0-0: Fly out, F8 (Flyball, 8LD, EV 90.0 MPH)
Batting: RHB Tim Tolman 0-0: Called Strike
0-1: Fly out, F6 (Line Drive, 6, EV 76.9 MPH)
Batting: RHB Cecil Fielder Balk!
Ron Tingley to second
0-0: Ball
1-0: Fly out, F6 (Popup, 6MD, EV 69.4 MPH)
Top of the 6th over - 0 runs, 1 hit, 0 errors, 1 left on base; Oklahoma City 0 - Iowa 2
BOTTOM OF THE 6TH
Iowa Oaks batting - Pitching for Oklahoma City 89ers : LHP Mark Langston
Batting: SHB Mike Turgeon 0-0: Called Strike
0-1: Fly out, F8 (Flyball, 8RXD, EV 86.3 MPH)
Batting: RHB Mark Benson 0-0: Foul Ball, location: 2F
0-1: Fly out, F8 (Flyball, 8RXD, EV 93.8 MPH)
Batting: RHB Jordan Arredondo 0-0: Called Strike
0-1: Ball
1-1: Foul Ball, location: 2F
1-2: Fly out, F7 (Flyball, 7, EV 90.0 MPH)
Bottom of the 6th over - 0 runs, 0 hits, 0 errors, 0 left on base; Oklahoma City 0 - Iowa 2
TOP OF THE 7TH
Oklahoma City 89ers batting - Pitching for Iowa Oaks : LHP Matthew Sutherland
Batting: RHB Glenn Braggs 0-0: Swinging Strike
0-1: Foul Ball, location: 2F
0-2: Foul Ball, location: 2F
0-2: Ball
1-2: Fly out, F7 (Flyball, 7D, EV 94.4 MPH)
Batting: LHB Tom O'Malley 0-0: Called Strike
0-1: Foul Ball, location: 2F
0-2: Ball
1-2: Foul Ball, location: 2F
1-2: SOLO HOME RUN (Flyball, 9D, EV 89.4 MPH), Distance : 357 ft
Batting: RHB Nick Esasky 0-0: Swinging Strike
0-1: Ball
1-1: Called Strike
1-2: Strikes out looking
Batting: RHB Joe Redfield 0-0: Ball
1-0: Foul Ball, location: 2F
1-1: Foul Ball, location: 2F
1-2: Ball
2-2: Ball
3-2: Base on Balls
Batting: RHB Danny Jasso 0-0: Ball
Joe Redfield steals 2nd base
1-0: Called Strike
1-1: SINGLE (Line Drive, 7S, EV 107.5 MPH)
Joe Redfield to third
Runner from 3rd tries for Home, SAFE, throw by LF to home
Batting: RHB Ron Tingley 0-0: Swinging Strike
0-1: Ball
1-1: Ball
2-1: Foul Ball, location: 2F
2-2: Foul Ball, location: 2F
2-2: Strikes out swinging
Top of the 7th over - 2 runs, 2 hits, 0 errors, 1 left on base; Oklahoma City 2 - Iowa 2
BOTTOM OF THE 7TH
Iowa Oaks batting - Pitching for Oklahoma City 89ers : LHP Mark Langston
Batting: RHB Thomas Vessey 0-0: Ball
1-0: Ball
2-0: SINGLE (Line Drive, 78M, EV 105.6 MPH)
Batting: LHB Donald Johnson 0-0: Called Strike
0-1: Swinging Strike
0-2: Ball
1-2: Ball
2-2: Ball
3-2: Strikes out looking
Batting: LHB Wayne Krenchicki 0-0: Ball
1-0: Fielders Choice at 2nd, 3-6 (Groundball, 3, EV 107.5 MPH)
Batting: RHB Edgar Flores 0-0: Called Strike
0-1: Ball
Wild Pitch!
Wayne Krenchicki to second
1-1: Ball
2-1: Ground out 4-3 (Groundball, 4, EV 88.1 MPH)
Bottom of the 7th over - 0 runs, 1 hit, 0 errors, 1 left on base; Oklahoma City 2 - Iowa 2
TOP OF THE 8TH
Oklahoma City 89ers batting - Pitching for Iowa Oaks : LHP Matthew Sutherland
Batting: RHB John Christensen 0-0: Ground out 6-3 (Groundball, 6, EV 84.4 MPH)
Batting: RHB Tim Tolman 0-0: Ball
1-0: Ball
2-0: Foul Ball, location: 2F
2-1: Foul Ball, location: 2F
2-2: Foul Ball, location: 2F
2-2: Foul Ball, location: 2F
2-2: Ground out 4-3 (Groundball, 4D, EV 105.6 MPH)
Batting: RHB Cecil Fielder 0-0: Called Strike
0-1: Ball
1-1: Ball
2-1: Swinging Strike
2-2: Ball
3-2: Foul Ball, location: 2F
3-2: Strikes out looking
Top of the 8th over - 0 runs, 0 hits, 0 errors, 0 left on base; Oklahoma City 2 - Iowa 2
BOTTOM OF THE 8TH
Iowa Oaks batting - Pitching for Oklahoma City 89ers : LHP Mark Langston
Batting: RHB Mike Richardt 0-0: SINGLE (Line Drive, 7S, EV 105.0 MPH)
Batting: LHB Ronald Little 0-0: Called Strike
0-1: Ball
1-1: SINGLE (Groundball, 56S, EV 69.4 MPH) (infield hit)
Mike Richardt to second
Batting: SHB Mike Turgeon 0-0: Called Strike
0-1: Ball
1-1: Ground out U3 (Groundball, 13, EV 83.1 MPH)
Mike Richardt to third
Ronald Little to second
Batting: RHB Mark Benson 0-0: Foul Ball, location: 2F
0-1: Ball
1-1: Ball
2-1: Ball
3-1: Foul Ball, location: 2F
3-2: Strikes out looking
Batting: RHB Jordan Arredondo 0-0: Ball
1-0: Called Strike
1-1: Foul Ball, location: 2F
1-2: Ball
2-2: Ground out 6-3 (Groundball, 6MS, EV 71.3 MPH)
Bottom of the 8th over - 0 runs, 2 hits, 0 errors, 2 left on base; Oklahoma City 2 - Iowa 2
TOP OF THE 9TH
Oklahoma City 89ers batting - Pitching for Iowa Oaks : LHP Matthew Sutherland
Pitching: RHP DeWayne Buice
Batting: RHB Glenn Braggs 0-0: Ball
1-0: Foul Ball, location: 2F
1-1: Ball
2-1: Fly out, F9 (Flyball, 9LS, EV 83.1 MPH)
Batting: LHB Tom O'Malley 0-0: Called Strike
0-1: Ground out 4-3 (Groundball, 4, EV 102.5 MPH)
Batting: RHB Nick Esasky 0-0: Ball
1-0: Ball
2-0: Ground out 4-3 (Groundball, 4M, EV 83.1 MPH)
Top of the 9th over - 0 runs, 0 hits, 0 errors, 0 left on base; Oklahoma City 2 - Iowa 2
BOTTOM OF THE 9TH
Iowa Oaks batting - Pitching for Oklahoma City 89ers : LHP Mark Langston
Batting: RHB Thomas Vessey 0-0: Ball
1-0: Called Strike
1-1: Called Strike
1-2: Strikes out swinging
Batting: SHB Rod Craig 0-0: Called Strike
0-1: Swinging Strike
0-2: Ball
1-2: Foul Ball, location: 2F
1-2: Ball
2-2: Foul Ball, location: 2F
2-2: Ball
3-2: Base on Balls
Pinch Hitting: SHB Michael Pace 0-0: Ball
1-0: Ball
2-0: Ball
3-0: Called Strike
3-1: Foul Ball, location: 2F
3-2: Grounds into double play, 5-4-3 (Groundball, 56, EV 84.4 MPH)
Bottom of the 9th over - 0 runs, 0 hits, 0 errors, 0 left on base; Oklahoma City 2 - Iowa 2
TOP OF THE 10TH
Oklahoma City 89ers batting - Pitching for Iowa Oaks : RHP DeWayne Buice
Now at SS: Ronald Hess
Batting: RHB Joe Redfield 0-0: Ball
1-0: Foul Ball, location: 2F
1-1: Ball
2-1: Ball
3-1: Called Strike
3-2: Strikes out swinging, 2-3 out at first.
Batting: RHB Danny Jasso 0-0: Foul Ball, location: 2F
0-1: Ball
1-1: Ball
2-1: Foul Ball, location: 2F
2-2: SINGLE (Line Drive, 7S, EV 100.0 MPH)
Pinch Hitting: RHB David Green 0-0: Ball
1-0: Called Strike
1-1: Ball
2-1: Fielders Choice at 2nd, 4-6 (Groundball, 34, EV 105.0 MPH)
Batting: RHB John Christensen 0-0: Ball
1-0: Ball
2-0: Called Strike
2-1: Called Strike
2-2: Strikes out swinging
Top of the 10th over - 0 runs, 1 hit, 0 errors, 1 left on base; Oklahoma City 2 - Iowa 2
BOTTOM OF THE 10TH
Iowa Oaks batting - Pitching for Oklahoma City 89ers : LHP Mark Langston
Pitching: RHP Ernie Camacho
Now at C: Robert Bailey
Batting: RHB Edgar Flores 0-0: Foul Ball, location: 2F
0-1: Ball
1-1: Foul Ball, location: 2F
1-2: Ball
2-2: Fly out, F4 (Popup, 23, EV 81.9 MPH)
Batting: RHB Mike Richardt 0-0: Ball
1-0: Fly out, F9 (Flyball, 89M, EV 91.9 MPH)
Batting: LHB Ronald Little 0-0: Ground out 6-3 (Groundball, 6M, EV 105.0 MPH)
Bottom of the 10th over - 0 runs, 0 hits, 0 errors, 0 left on base; Oklahoma City 2 - Iowa 2
TOP OF THE 11TH
Oklahoma City 89ers batting - Pitching for Iowa Oaks : RHP DeWayne Buice
Batting: RHB Tim Tolman 0-0: Ball
1-0: Called Strike
1-1: Ball
2-1: Ball
3-1: Called Strike
3-2: Foul Ball, location: 2F
3-2: Base on Balls
Batting: RHB Cecil Fielder 0-0: Called Strike
0-1: Swinging Strike
0-2: Strikes out swinging
Batting: RHB Glenn Braggs 0-0: Hit by Pitch
Tim Tolman to second
Batting: LHB Tom O'Malley 0-0: Ball
1-0: Foul Ball, location: 2F
1-1: Swinging Strike
1-2: SINGLE (Line Drive, 9S, EV 93.8 MPH)
Tim Tolman to third
Glenn Braggs to second
Pitching: RHP Sergio Peralta
Batting: RHB Nick Esasky 0-0: Called Strike
0-1: Ball
1-1: Swinging Strike
1-2: Foul Ball, location: 2F
1-2: Strikes out looking
Batting: RHB Joe Redfield 0-0: Called Strike
0-1: Ground out 5-3 (Groundball, 5S, EV 87.5 MPH)
Top of the 11th over - 0 runs, 1 hit, 0 errors, 3 left on base; Oklahoma City 2 - Iowa 2
BOTTOM OF THE 11TH
Iowa Oaks batting - Pitching for Oklahoma City 89ers : RHP Ernie Camacho
Batting: SHB Mike Turgeon 0-0: Fly out, F9 (Flyball, 9S, EV 89.4 MPH)
Batting: RHB Mark Benson 0-0: SINGLE (Line Drive, 7S, EV 98.8 MPH)
Batting: RHB Jordan Arredondo 0-0: Ball
1-0: Ball
2-0: Fly out, F8 (Line Drive, 8LD, EV 100.6 MPH)
Pinch Hitting: LHB Gary Jones 0-0: Called Strike
0-1: Ball
1-1: Ball
2-1: Foul Ball, location: 2F
2-2: Foul Ball, location: 2F
2-2: Ball
Mark Benson steals 2nd base
3-2: Foul Ball, location: 2F
3-2: Foul Ball, location: 2F
3-2: Base on Balls
Batting: SHB Rod Craig 0-0: Ball
1-0: Swinging Strike
1-1: Ball
2-1: Called Strike
2-2: Foul Ball, location: 2F
2-2: Foul Ball, location: 2F
2-2: Ground out 6-3 (Groundball, 6MS, EV 86.9 MPH)
Bottom of the 11th over - 0 runs, 1 hit, 0 errors, 2 left on base; Oklahoma City 2 - Iowa 2
TOP OF THE 12TH
Oklahoma City 89ers batting - Pitching for Iowa Oaks : RHP Sergio Peralta
Now at C: Gregory Chandler
Batting: RHB Danny Jasso 0-0: Ball
1-0: Ball
2-0: Called Strike
2-1: Ball
3-1: Called Strike
3-2: Strikes out swinging
Batting: RHB Robert Bailey 0-0: Ball
1-0: Ball
2-0: Ball
3-0: Called Strike
3-1: Swinging Strike
3-2: Base on Balls
Batting: RHB John Christensen 0-0: Ball
Wild Pitch!
Robert Bailey to second
1-0: SINGLE (Groundball, 6MD, EV 103.8 MPH)
Robert Bailey to third
Runner from 3rd tries for Home, SAFE, throw by CF to home
Batting: RHB Tim Tolman 0-0: Ball
John Christensen is caught stealing 2nd base 2-4
1-0: Ball
2-0: Foul Ball, location: 2F
2-1: Foul Ball, location: 2F
2-2: Strikes out swinging
Top of the 12th over - 1 run, 1 hit, 0 errors, 0 left on base; Oklahoma City 3 - Iowa 2
BOTTOM OF THE 12TH
Iowa Oaks batting - Pitching for Oklahoma City 89ers : RHP Ernie Camacho
Pitching: RHP Bob Forsch
Batting: RHB Ronald Hess 0-0: Foul Ball, location: 2F
0-1: Ball
1-1: Ball
2-1: Foul Ball, location: 2F
2-2: Foul Ball, location: 2F
2-2: Foul Ball, location: 2F
2-2: Ground out 6-3 (Groundball, 6, EV 106.9 MPH)
Batting: RHB Edgar Flores 0-0: Ball
1-0: Called Strike
1-1: Foul Ball, location: 2F
1-2: Ball
2-2: Foul Ball, location: 2F
2-2: Ground out 6-3 (Groundball, 6M, EV 106.3 MPH)
Batting: RHB Mike Richardt 0-0: Ball
1-0: SINGLE (Line Drive, 78S, EV 93.1 MPH)
Batting: LHB Ronald Little 0-0: Called Strike
0-1: Ground out 4-3 (Groundball, 4S, EV 85.6 MPH)
Bottom of the 12th over - 0 runs, 1 hit, 0 errors, 1 left on base; Oklahoma City 3 - Iowa 2
Monday, August 17th, 2020 - OOTP Baseball 21.5 Build 76